 Dungeon Sprint DCSS version 0.22-a0-110-g5b255cf (webtiles) character file.

157571 theanonym the Conqueror (level 17, -5/208 HPs)
             Began as a Deep Dwarf Fighter on Jan 27, 2018.
             Was the Champion of Makhleb.
             Slain by a shard shrike (glowing shapeshifter) (13 damage)
             ... in the Dungeon (Sprint V: "Ziggurat Sprint").
             The game lasted 00:12:54 (998 turns).

theanonym the Conqueror (Deep Dwarf Fighter)         Turns: 998, Time: 00:12:54

Health: -5/208     AC: 42    Str: 38    XL:     17   Next: 12%
Magic:  20/33      EV: 34    Int: 14    God:    Makhleb [******]
Gold:   0          SH:  0    Dex: 22    Spells: 16/16 levels left

rFire    + + +     SeeInvis +   F - +9 executioner's axe (flame)
rCold    + . .     Gourm    +   (shield currently unavailable)
rNeg     + + +     Faith    .   G - +5 gold dragon scales {23 rF+ rC+ rPois}
rPois    +         Spirit   .   S - +1 helmet {SInv}
rElec    +         Reflect  .   R - +1 cloak of Odghimn {-Tele rCorr Str+6 Dex+8}
rCorr    +         Harm     .   j - +2 pair of gloves {Str+3}
MR       ++...     NoTele   +   Q - +2 pair of boots of the Great Game {*Slow MP+9 Str+3 Int+4}
Stlth    ..........             O - amulet "Xel Jeom" {Gourm rElec rF++ Dex+2 Stlth+}
HPRegen  0.00/turn              U - ring of Konaxetsua {*Slow rPois rN++ MP+9}
MPRegen  0.23/turn              T - +5 ring of evasion

@: very slightly contaminated, non-regenerating, hasted and slowed, invisible
A: damage resistance, heal wounds, negative energy resistance 1, sense
surroundings 2, no regeneration
a: Heal Wounds, Minor Destruction, Lesser Servant of Makhleb, Major Destruction,
Greater Servant of Makhleb, Renounce Religion


Innate Abilities, Weirdness & Mutations

You are resistant to damage.
You can heal yourself by infusing magical energy.
You resist negative energy. (rN+)
You passively map the area around you.
You do not regenerate.


   Skills:
 O Level 27 Fighting
 + Level 26.5 Axes
 + Level 20.7 Armour
 O Level 27 Dodging
 - Level 15.0 Shields


You had 16 spell levels left.
You didn't know any spells.

Skill      XL: |  1  2  3  4  5  6  7  8  9 10 11 12 13 14 15 16 17 |
---------------+----------------------------------------------------+-----
Axes           | 8 9 10 11 12 14 15 17 18 20 23 26 | 26.5
Fighting       | 4 5 7 8 9 11 12 13 15 18 20 22 24 27 | 27.0
Armour         | 4 5 6 7 9 10 12 13 15 18 20 | 20.7
Shields        | 4 5 6 7 9 10 12 13 15 | 15.0
Dodging        | 9 18 26 27 | 27.0

Action                   |  1- 3 |  4- 6 |  7- 9 | 10-12 | 13-15 | 16-18 || total
-------------------------+-------+-------+-------+-------+-------+-------++-------
Melee: Broad axe         |     4 |     7 |    22 |   101 |    75 |       ||   209
       Executioner's axe |       |       |       |       |   146 |    61 ||   207
 Abil: Heal Wounds       |       |       |     2 |       |     3 |       ||     5
  Use: Scroll            |     1 |       |     4 |     1 |     1 |     1 ||     8
       Potion            |     1 |       |       |     3 |     9 |     5 ||    18
 Stab: Distracted        |       |       |       |     6 |     1 |       ||     7
       Invisible         |       |       |       |       |    10 |     2 ||    12
  Eat: Ration            |       |       |       |       |       |     1 ||     1
Armor: Gold dragon scale |     2 |     1 |     8 |    39 |   195 |    75 ||   320
Dodge: Dodged            |       |       |     1 |     5 |   163 |   202 ||   371
Block: Shield            |     5 |     8 |    33 |   137 |   131 |       ||   314
       Reflection        |       |       |     2 |     1 |       |       ||     3

Inventory:

Hand Weapons
 a - a +0 war axe
 F - a +9 executioner's axe of flaming (weapon)
   (You found it in the Dungeon)
 H - the +14 obsidian axe {chop, +Fly SInv *Curse}
   (You found it in the Dungeon)

   It inflicts extra damage upon your enemies.
   It lets you see invisible.
   It lets you fly.
   It curses itself when equipped.
Armour
 c - a +0 shield
 j - a +2 pair of gloves of strength (worn)
   (You found it in the Dungeon)
 k - a +0 scale mail {10}
 m - a +0 pair of gloves of dexterity
   (You found it in the Dungeon)
 s - a +0 helmet of see invisible
   (You found it in the Dungeon)
 G - +5 gold dragon scales (worn) {23 rF+ rC+ rPois}
   (You found it in the Dungeon)
 I - the +18 shield of the Gong {rElec rN+ MR+ EV-5}
   (You found it in the Dungeon)

   It affects your evasion (-5).
   It insulates you from electricity.
   It protects you from negative energy.
   It affects your resistance to hostile enchantments.
 P - the +3 pair of boots of Lotywaqi {rPois MR+ Int+2 Dex-2}
   (You found it in the Dungeon)

   It affects your intelligence (+2).
   It affects your dexterity (-2).
   It protects you from poison.
   It affects your resistance to hostile enchantments.
 Q - the +2 pair of boots of the Great Game (worn) {*Slow MP+9 Str+3 Int+4}
   (You found it in the Dungeon)

   It affects your strength (+3).
   It affects your intelligence (+4).
   It affects your magic capacity (+9).
   It may slow you when you take damage.
 R - the +1 cloak of Odghimn (worn) {-Tele rCorr Str+6 Dex+8}
   (You found it in the Dungeon)

   It affects your strength (+6).
   It affects your dexterity (+8).
   It prevents most forms of teleportation.
   It protects you from acid and corrosion.
 S - a +1 helmet of see invisible (worn)
   (You found it in the Dungeon)
Jewellery
 x - a +6 ring of dexterity
   (You found it in the Dungeon)
 y - a +6 ring of intelligence
   (You found it in the Dungeon)
 z - a +6 ring of intelligence
   (You found it in the Dungeon)
 A - a +6 ring of strength
   (You found it in the Dungeon)
 B - a +6 ring of strength
   (You found it in the Dungeon)
 E - a +6 ring of dexterity
   (You found it in the Dungeon)
 J - a +2 amulet of reflection
   (You found it in the Dungeon)
 L - the ring "Sesuiply" {+Fly Int+4 Dex+4}
   (You found it in the Dungeon)

   [ring of flight]

   It affects your intelligence (+4).
   It affects your dexterity (+4).
   It lets you fly.
 M - a +5 ring of dexterity
   (You found it in the Dungeon)
 O - the amulet "Xel Jeom" (around neck) {Gourm rElec rF++ Dex+2 Stlth+}
   (You found it in the Dungeon)

   [amulet of the gourmand]

   It allows you to eat raw meat even when not hungry.
   It affects your dexterity (+2).
   It greatly protects you from fire.
   It insulates you from electricity.
   It makes you more stealthy.
 T - a +5 ring of evasion (right hand)
   (You found it in the Dungeon)
 U - the ring of Konaxetsua (left hand) {*Slow rPois rN++ MP+9}
   (You found it in the Dungeon)

   [ring of magical power]

   It protects you from poison.
   It greatly protects you from negative energy.
   It affects your magic capacity (+9).
   It may slow you when you take damage.
 V - a +2 ring of slaying
   (You found it in the Dungeon)
Wands
 v - a wand of acid (7)
   (You found it in the Dungeon)
 C - a wand of disintegration (7)
   (You found it in the Dungeon)
 D - a wand of iceblast (7)
   (You found it in the Dungeon)
Scrolls
 b - 4 scrolls of blinking
 f - 6 scrolls of fog
 o - 4 scrolls of amnesia
 r - 5 scrolls of identify
 t - 4 scrolls of remove curse
 u - 2 scrolls of fear
Potions
 d - 3 potions of might
 i - 7 potions of magic
 l - 2 potions of resistance {rF+ rC+}
 n - 4 potions of agility
 p - 2 potions of brilliance
 q - 18 potions of heal wounds
 w - 10 potions of curing
Miscellaneous
 K - a fan of gales
   (You found it in the Dungeon)
 N - a lamp of fire
   (You found it in the Dungeon)
Comestibles
 e - 6 rations You were in the Dungeon. You worshipped Makhleb. Makhleb was exalted by your worship. You were not hungry. You visited 1 branch

Dungeon Overview and Level Annotations

Branches:
Dungeon (1/1)

Altars:
Ashenzari
Cheibriados
Dithmenos
Elyvilon
Fedhas
Gozag
Hepliaklqana
Kikubaaqudgha
Makhleb
Nemelex Xobeh
Okawaru
Qazlal
Ru
Sif Muna
Trog
Uskayaw
Vehumet
Wu Jian
Xom
Yredelemnul
Zin
The Shining One
Beogh
Jiyva
Lugonu * , , , ≈}!==|)=|}}"=|C= * )}[[)}=)=|)|:[) * ,, .......mk...... * ,, ......SDOG....., , ...GYGNJmym....

,
*,....kmHCCCC....,
, ,, ,
*,.....l§bbwY....
, .....k§@DF.....
*, ,
......D§D...... ,
, ...............
*, ,
...▓.......▓...
,.. ▓▓.....▓▓ ..
,* ...▓.......▓...
* ,
............... ,
,
,...............,*
.......©.......


You could see a juggernaut, a shadow dragon shaped shifter, 2 iron dragon shaped
shifters, a titan, 2 titan shaped shifters, a golden dragon, a caustic shrike
shaped shifter, a shard shrike shaped shifter, an acid blob shaped shifter, a
stone giant shaped shifter, a death drake shaped shifter, a minotaur shaped
shifter, a salamander shaped shifter, a wind drake, a wind drake shaped shifter,
a torpor snail shaped shifter, a shining eye shaped shifter, a glowing orange
brain shaped shifter, 2 merfolk shaped shifters, a two-headed ogre shaped
shifter, a shock serpent shaped shifter, 2 water nymph shaped shifters, an eye
of draining, a basilisk, a blink frog shaped shifter, a sky beast shaped
shifter, a meliai shaped shifter and a dream sheep shaped shifter.

Notes
Turn   | Place    | Note
-------+----------+-------------------------------------------
     0 | D        | Found the +6 Majin-Bo {vamp, Archmagi MP+6 Int+6}
     0 | D        | Found the +7 great mace "Firestarter" {inner flame, rF++}
     0 | D        | theanonym the Deep Dwarf Fighter began the quest for the Orb.
     0 | D        | Reached XP level 1. HP: 20/20 MP: 1/1
     0 | D        | Found a deep blue altar of Sif Muna.
     0 | D        | Found a sacrificial altar of Ru.
     0 | D        | Found a bloodstained altar of Trog.
     0 | D        | Found a stormy altar of Qazlal.
     0 | D        | Found an iron altar of Okawaru.
     0 | D        | Found a sparkling altar of Nemelex Xobeh.
     0 | D        | Found a blossoming altar of Fedhas.
     2 | D        | Found a transporter.
     2 | D        | Found an ancient bone altar of Kikubaaqudgha.
     2 | D        | Found a viscous altar of Jiyva.
     2 | D        | Found a corrupted altar of Lugonu.
     2 | D        | Found a hazy altar of Hepliaklqana.
     2 | D        | Found a burning altar of Makhleb.
     2 | D        | Found an opulent altar of Gozag.
    19 | D        | Found the +9 heavy crossbow "Sniper" {velocity, Acc+∞ SInv}
    19 | D        | Found the +10 dark maul {crush}
    19 | D        | Found the +15 Maxwell's patent armour {-Cast -Tele rElec MR+ rCorr}
    19 | D        | Found the +18 shield of the Gong {rElec rN+ MR+ EV-5}
    19 | D        | Found the cursed +14 obsidian axe {chop, +Fly SInv *Curse}
    20 | D        | Found the +6 shillelagh "Devastator" {shatter}
    20 | D        | Found the +11 plutonium sword {*Contam Stlth-}
    20 | D        | Found the +8 lance "Wyrmbane" {slay drac, rPois rF+ rC+ AC+3}
    20 | D        | Found the +9 sword of Zonguldrok {reap}
    20 | D        | Found the cursed +13 scythe of Curses {drain, *Curse}
    20 | D        | Found the +0 sword of Power
    20 | D        | Found the +13 mace of Variability {chaos}
    20 | D        | Found the +7 Singing Sword
    20 | D        | Found the +7 longbow "Piercer" {penet, EV-2}
    22 | D        | Killed Josephine
    71 | D        | Became a worshipper of Makhleb the Destroyer
    77 | D        | Reached skill level 8 in Axes
    77 | D        | Reached XP level 2. HP: 27/27 MP: 2/2
    79 | D        | Entered arena 2.
    79 | D        | Noticed a phantom
    79 | D        | Noticed a phantom
    79 | D        | Found a transporter.
    84 | D        | Killed a phantom
    84 | D        | Reached skill level 4 in Fighting
    84 | D        | Reached skill level 9 in Axes
    84 | D        | Reached skill level 4 in Armour
    84 | D        | Reached skill level 4 in Shields
    84 | D        | Reached XP level 3. HP: 37/37 MP: 3/3
    84 | D        | Reached XP level 4. HP: 45/45 MP: 4/4
    86 | D        | Killed the Enchantress
    87 | D        | Killed a phantom
    87 | D        | Reached skill level 5 in Fighting
    87 | D        | Reached skill level 10 in Axes
    87 | D        | Reached skill level 5 in Armour
    87 | D        | Reached skill level 5 in Shields
    87 | D        | Reached XP level 5. HP: 52/52 MP: 5/5
    96 | D        | Killed Crazy Yiuf
    97 | D        | Entered arena 3.
    97 | D        | Noticed a merfolk
    97 | D        | Noticed a merfolk
    97 | D        | Noticed a merfolk
    97 | D        | Found a transporter.
   101 | D        | Killed a merfolk
   101 | D        | Reached * piety under Makhleb
   101 | D        | Reached skill level 7 in Fighting
   101 | D        | Reached skill level 11 in Axes
   101 | D        | Reached skill level 6 in Armour
   101 | D        | Reached skill level 6 in Shields
   101 | D        | Reached XP level 6. HP: 57/66 MP: 6/6
   103 | D        | Killed a merfolk
   105 | D        | Killed a merfolk
   105 | D        | Reached skill level 8 in Fighting
   105 | D        | Reached skill level 12 in Axes
   105 | D        | Reached skill level 7 in Armour
   105 | D        | Reached skill level 7 in Shields
   105 | D        | Reached XP level 7. HP: 56/74 MP: 7/7
   112 | D        | Entered arena 4.
   112 | D        | Found a transporter.
   113 | D        | Reached ** piety under Makhleb
   122 | D        | Entered arena 5.
   122 | D        | Found a transporter.
   124 | D        | Reached *** piety under Makhleb
   125 | D        | Reached skill level 9 in Fighting
   125 | D        | Reached XP level 8. HP: 85/85 MP: 7/7
   127 | D        | Reached **** piety under Makhleb
   133 | D        | Entered arena 6.
   133 | D        | Found a transporter.
   135 | D        | Reached skill level 13 in Axes
   135 | D        | Reached skill level 8 in Armour
   135 | D        | Reached skill level 8 in Shields
   137 | D        | Reached ***** piety under Makhleb
   150 | D        | Entered arena 7.
   150 | D        | Noticed a hell hog
   150 | D        | Noticed a hell hog
   150 | D        | Noticed a hell hog
   150 | D        | Noticed a hell hog
   151 | D        | Found a transporter.
   154 | D        | Killed a hell hog
   154 | D        | Reached skill level 10 in Fighting
   154 | D        | Reached skill level 14 in Axes
   154 | D        | Reached skill level 9 in Armour
   154 | D        | Reached skill level 9 in Shields
   156 | D        | Killed a hell hog
   156 | D        | Reached skill level 11 in Fighting
   156 | D        | Gained mutation: You passively map the area around you. [Deep Dwarf growth]
   156 | D        | Reached XP level 9. HP: 97/97 MP: 8/8
   157 | D        | Killed a hell hog
   157 | D        | Reached skill level 15 in Axes
   157 | D        | Reached skill level 10 in Armour
   157 | D        | Reached skill level 10 in Shields
   159 | D        | Killed a hell hog
   171 | D        | Entered arena 8.
   171 | D        | Noticed a merfolk
   171 | D        | Noticed a merfolk
   171 | D        | Noticed a merfolk
   171 | D        | Noticed a merfolk
   172 | D        | Found a transporter.
   176 | D        | Killed a merfolk
   177 | D        | Killed a merfolk
   177 | D        | Reached skill level 12 in Fighting
   177 | D        | Reached XP level 10. HP: 106/106 MP: 9/9
   181 | D        | Reached ****** piety under Makhleb
   182 | D        | Reached skill level 16 in Axes
   189 | D        | Entered arena 9.
   190 | D        | Found a transporter.
   193 | D        | Reached skill level 11 in Shields
   197 | D        | Reached skill level 11 in Armour
   205 | D        | Got the ring "Sesuiply" {+Fly Int+4 Dex+4}
   209 | D        | Entered arena 10.
   209 | D        | Noticed a spiny frog
   210 | D        | Found a transporter.
   215 | D        | Killed a spiny frog
   215 | D        | Reached skill level 13 in Fighting
   227 | D        | Entered arena 11.
   227 | D        | Noticed a naga mage
   228 | D        | Found the +8 demon blade "Bloodbane" {slice, *Rage +Rage Stlth-}
   228 | D        | Found a transporter.
   238 | D        | Killed a naga mage
   244 | D        | Entered arena 12.
   244 | D        | Noticed an anaconda
   244 | D        | Noticed a dire elephant
   244 | D        | Noticed a spriggan air mage
   245 | D        | Found the +8 trident of the Octopus King {venom, rElec rPois MR+}
   245 | D        | Noticed a shambling mangrove
   245 | D        | Noticed a spriggan air mage
   246 | D        | Found a transporter.
   248 | D        | Killed an anaconda
   248 | D        | Reached skill level 17 in Axes
   248 | D        | Reached skill level 12 in Shields
   248 | D        | Killed an azure jelly
   252 | D        | Killed a spriggan air mage
   252 | D        | Reached skill level 12 in Armour
   252 | D        | Reached XP level 11. HP: 109/118 MP: 10/10
   255 | D        | Killed a dire elephant
   255 | D        | Reached skill level 14 in Fighting
   256 | D        | Killed a spriggan air mage
   262 | D        | Killed a shambling mangrove
   262 | D        | Reached skill level 18 in Axes
   280 | D        | Entered arena 13.
   280 | D        | Noticed a quicksilver dragon
   280 | D        | Noticed an iron golem
   280 | D        | Noticed a quicksilver dragon
   281 | D        | Noticed an iron golem
   281 | D        | Noticed a crystal guardian
   281 | D        | Noticed a stone giant
   281 | D        | Noticed an iron golem
   282 | D        | Found a transporter.
   288 | D        | Killed a stone giant
   288 | D        | Reached skill level 15 in Fighting
   288 | D        | Reached skill level 13 in Shields
   289 | D        | Killed a death ooze
   290 | D        | Killed a quicksilver dragon
   290 | D        | Reached skill level 13 in Armour
   290 | D        | Killed a quicksilver dragon
   290 | D        | Reached XP level 12. HP: 122/133 MP: 11/11
   295 | D        | Reached skill level 16 in Fighting
   296 | D        | Killed a crystal guardian
   296 | D        | Reached skill level 14 in Shields
   300 | D        | Reached skill level 14 in Armour
   302 | D        | Reached skill level 19 in Axes
   314 | D        | Killed an azure jelly
   316 | D        | Got the amulet "Xel Jeom" {Gourm rElec rF++ Dex+2 Stlth+}
   320 | D        | Entered arena 14.
   321 | D        | Noticed a vault guard
   321 | D        | Noticed a vault guard
   321 | D        | Noticed a vault guard
   321 | D        | Noticed a vault guard
   322 | D        | Noticed a stone giant
   322 | D        | Noticed a vault guard
   322 | D        | Noticed a shadow dragon
   322 | D        | Noticed a vault guard
   322 | D        | Noticed a vault guard
   322 | D        | Noticed a vault guard
   322 | D        | Noticed a vault guard
   322 | D        | Killed Psyche
   323 | D        | Found a transporter.
   329 | D        | Killed a vault guard
   329 | D        | Killed a vault guard
   329 | D        | Killed a vault guard
   330 | D        | Killed a vault guard
   333 | D        | Killed a vault guard
   333 | D        | Reached skill level 17 in Fighting
   333 | D        | Killed a stone giant
   334 | D        | Reached skill level 15 in Shields
   338 | D        | Killed a vault guard
   338 | D        | Reached skill level 15 in Armour
   342 | D        | Killed a shadow dragon
   342 | D        | Reached skill level 20 in Axes
   342 | D        | Killed a vault guard
   344 | D        | Killed a vault guard
   347 | D        | Killed a vault guard
   347 | D        | Reached skill level 18 in Fighting
   354 | D        | Entered arena 15.
   355 | D        | Noticed a blizzard demon
   355 | D        | Noticed a Brimstone Fiend
   356 | D        | Noticed Jeisoc the pandemonium lord
   357 | D        | Noticed an Ice Fiend
   361 | D        | Reached XP level 13. HP: 88/146 MP: 12/12
   363 | D        | HP: 63/146 [Jeisoc the pandemonium lord (25)]
   369 | D        | Killed a blizzard demon
   376 | D        | Killed an Ice Fiend
   376 | D        | Reached skill level 21 in Axes
   382 | D        | Killed Jeisoc the pandemonium lord
   382 | D        | Reached skill level 19 in Fighting
   382 | D        | Reached skill level 22 in Axes
   383 | D        | Found a transporter.
   389 | D        | Killed a Brimstone Fiend
   389 | D        | Reached skill level 20 in Fighting
   397 | D        | Entered arena 16.
   397 | D        | Noticed a vampire knight
   397 | D        | Noticed a vampire knight
   410 | D        | Killed a vampire knight
   410 | D        | Reached skill level 23 in Axes
   411 | D        | Killed a vampire knight
   419 | D        | Found a transporter.
   427 | D        | Entered arena 17.
   433 | D        | Noticed a merfolk javelineer
   433 | D        | Noticed a merfolk impaler
   434 | D        | Noticed a merfolk javelineer
   435 | D        | Noticed a merfolk impaler
   435 | D        | Noticed a merfolk javelineer
   435 | D        | Found a transporter.
   441 | D        | Killed a merfolk javelineer
   441 | D        | Gained mutation: You resist negative energy. (rN+) [Deep Dwarf growth]
   441 | D        | Reached XP level 14. HP: 163/163 MP: 13/13
   451 | D        | Reached skill level 21 in Fighting
   454 | D        | Reached skill level 16 in Armour
   458 | D        | Killed an azure jelly
   458 | D        | Reached skill level 24 in Axes
   474 | D        | Killed an azure jelly
   479 | D        | Got the +3 pair of boots of Lotywaqi {rPois MR+ Int+2 Dex-2}
   495 | D        | Entered arena 18.
   495 | D        | Killed an azure jelly
   502 | D        | Found a transporter.
   505 | D        | Reached skill level 1 in Dodging
   511 | D        | Killed Harold
   515 | D        | Reached skill level 2 in Dodging
   528 | D        | Entered arena 19.
   531 | D        | Noticed an azure jelly
   531 | D        | Noticed an acid blob
   533 | D        | Noticed an acid blob
   534 | D        | Found the amulet of Vitality {Regen+ HP+15}
   534 | D        | Found a transporter.
   534 | D        | Paralysed by a floating eye for 3 turns
   536 | D        | HP: 80/165 [death ooze (17)]
   539 | D        | Killed an acid blob
   539 | D        | Reached skill level 3 in Dodging
   540 | D        | Reached skill level 4 in Dodging
   542 | D        | HP: 121/247 [acid (6)]
   545 | D        | Killed an acid blob
   545 | D        | Reached skill level 5 in Dodging
   546 | D        | Killed an azure jelly
   551 | D        | Reached skill level 25 in Axes
   551 | D        | Reached skill level 17 in Armour
   551 | D        | Reached skill level 6 in Dodging
   577 | D        | Got the +2 pair of boots of the Great Game {*Slow MP+9 Str+3 Int+4}
   601 | D        | Entered arena 20.
   601 | D        | Noticed a vampire knight
   608 | D        | Noticed a vampire knight
   612 | D        | Noticed an ancient lich
   616 | D        | Noticed a ghoul
   620 | D        | Killed a vampire knight
   621 | D        | Killed a vampire knight
   621 | D        | Reached skill level 7 in Dodging
   629 | D        | Killed an ancient lich
   629 | D        | Reached skill level 22 in Fighting
   629 | D        | Reached skill level 8 in Dodging
   633 | D        | Killed a ghoul
   633 | D        | Reached skill level 9 in Dodging
   637 | D        | Reached skill level 26 in Axes
   637 | D        | Reached skill level 18 in Armour
   640 | D        | Reached XP level 15. HP: 174/175 MP: 11/14
   646 | D        | Found the +10 zealot's sword {holy, *Rage rN+ EV+3}
   647 | D        | Found a transporter.
   667 | D        | Got the +1 cloak of Odghimn {-Tele rCorr Str+6 Dex+8}
   674 | D        | Entered arena 21.
   685 | D        | Noticed a kraken
   686 | D        | Found the +7 lajatang of Order {silver, rMut}
   686 | D        | Noticed a kraken
   687 | D        | Reached skill level 10 in Dodging
   699 | D        | Reached skill level 11 in Dodging
   713 | D        | Killed a kraken
   713 | D        | Reached skill level 19 in Armour
   718 | D        | Killed a kraken
   718 | D        | Reached skill level 12 in Dodging
   719 | D        | Found a transporter.
   753 | D        | Entered arena 22.
   760 | D        | Found the +8 storm bow {elec}
   760 | D        | Noticed an Ice Fiend
   761 | D        | Found the +6 arbalest "Damnation" {damnation}
   765 | D        | Noticed an Ice Fiend
   766 | D        | Noticed a shard shrike
   766 | D        | Found a transporter.
   770 | D        | Reached skill level 23 in Fighting
   771 | D        | Reached skill level 13 in Dodging
   772 | D        | HP: 62/178 [??? (42)]
   776 | D        | HP: 22/178 [Ice Fiend/bolt of cold (13)]
   777 | D        | Killed a shard shrike
   778 | D        | Killed an Ice Fiend
   778 | D        | Reached skill level 20 in Armour
   784 | D        | Killed an Ice Fiend
   784 | D        | Reached skill level 14 in Dodging
   819 | D        | Entered arena 23.
   825 | D        | Noticed a quicksilver dragon
   825 | D        | Noticed an iron dragon
   825 | D        | Noticed a quicksilver dragon
   826 | D        | Noticed an iron dragon
   826 | D        | Noticed a quicksilver dragon
   826 | D        | Noticed an iron dragon
   826 | D        | Noticed a quicksilver dragon
   826 | D        | Noticed an iron dragon
   827 | D        | Found the +7 Spriggan's Knife {MR+ EV+4 Dex+4 Stlth+}
   827 | D        | Noticed an iron dragon
   827 | D        | Noticed a quicksilver dragon
   832 | D        | Killed an iron dragon
   833 | D        | Killed a quicksilver dragon
   833 | D        | Reached skill level 15 in Dodging
   836 | D        | Killed a quicksilver dragon
   836 | D        | Reached skill level 24 in Fighting
   836 | D        | Reached skill level 16 in Dodging
   837 | D        | Killed a quicksilver dragon
   840 | D        | Killed a quicksilver dragon
   840 | D        | Reached skill level 17 in Dodging
   841 | D        | Killed a quicksilver dragon
   844 | D        | Killed an iron dragon
   844 | D        | Reached skill level 18 in Dodging
   845 | D        | Reached XP level 16. HP: 193/193 MP: 14/14
   847 | D        | Reached skill level 25 in Fighting
   849 | D        | Reached skill level 19 in Dodging
   860 | D        | Reached skill level 20 in Dodging
   861 | D        | Found a transporter.
   876 | D        | Got the ring of Konaxetsua {*Slow rPois rN++ MP+9}
   882 | D        | Entered arena 24.
   894 | D        | Noticed a storm dragon
   894 | D        | Noticed a storm dragon
   894 | D        | Noticed a titan
   894 | D        | Noticed a titan
   894 | D        | Noticed an electric golem
   895 | D        | Noticed an electric golem
   895 | D        | Noticed an electric golem
   895 | D        | Noticed a storm dragon
   895 | D        | Noticed an electric golem
   896 | D        | Found the amulet of the Air {Inacc +Fly rElec EV+5 RMsl}
   896 | D        | Noticed an electric golem
   896 | D        | Noticed a storm dragon
   896 | D        | Noticed a storm dragon
   896 | D        | Noticed an electric golem
   896 | D        | Noticed a titan
   897 | D        | Found the +5 scythe "Finisher" {speed, Str+3}
   897 | D        | Noticed a titan
   899 | D        | HP: 146/294 [electric golem (2)]
   900 | D        | Found a transporter.
   900 | D        | Noticed a titan
   901 | D        | Noticed a titan
   901 | D        | Killed a storm dragon
   904 | D        | Killed a storm dragon
   907 | D        | Killed an electric golem
   907 | D        | Reached skill level 26 in Fighting
   908 | D        | Killed a storm dragon
   910 | D        | Killed an electric golem
   910 | D        | Reached skill level 21 in Dodging
   911 | D        | Killed an electric golem
   912 | D        | Killed a titan
   914 | D        | Killed a titan
   914 | D        | Reached skill level 22 in Dodging
   915 | D        | Killed a storm dragon
   917 | D        | Killed a titan
   918 | D        | Killed a storm dragon
   920 | D        | Killed a titan
   920 | D        | Reached skill level 27 in Fighting
   920 | D        | Reached skill level 23 in Dodging
   920 | D        | Killed an electric golem
   922 | D        | Killed a titan
   922 | D        | Killed a titan
   922 | D        | Reached skill level 24 in Dodging
   922 | D        | Killed an electric golem
   922 | D        | Killed an electric golem
   922 | D        | Reached skill level 25 in Dodging
   937 | D        | Noticed a storm dragon
   939 | D        | Found the +2 shield of Resistance {rF+ rC+ MR+}
   941 | D        | Killed a storm dragon
   968 | D        | Killed Terence
   973 | D        | Entered arena 25.
   980 | D        | Noticed a shard shrike
   980 | D        | Noticed a juggernaut
   980 | D        | a shard shrike changed into a juggernaut
   980 | D        | Noticed a shard shrike
   980 | D        | a glowing shapeshifter changed into a shard shrike
   980 | D        | Noticed a juggernaut
   980 | D        | a glowing shapeshifter changed into a juggernaut
   980 | D        | Noticed a juggernaut
   981 | D        | Noticed a juggernaut
   981 | D        | Noticed a golden dragon
   981 | D        | Noticed a shard shrike
   981 | D        | Noticed a golden dragon
   981 | D        | a glowing shapeshifter changed into a golden dragon
   982 | D        | Noticed a shard shrike
   982 | D        | a glowing shapeshifter changed into a shard shrike
   983 | D        | Noticed a titan
   983 | D        | Noticed a titan
   983 | D        | a juggernaut changed into a titan
   983 | D        | Noticed a shard shrike
   983 | D        | a glowing shapeshifter changed into a shard shrike
   983 | D        | Noticed a juggernaut
   983 | D        | a titan changed into a juggernaut
   983 | D        | Noticed a golden dragon
   983 | D        | a juggernaut changed into a golden dragon
   983 | D        | Noticed a shard shrike
   983 | D        | a glowing shapeshifter changed into a shard shrike
   984 | D        | Noticed a shard shrike
   984 | D        | Noticed a titan
   984 | D        | a shard shrike changed into a titan
   984 | D        | Noticed a titan
   984 | D        | a juggernaut changed into a titan
   984 | D        | Noticed a golden dragon
   984 | D        | a juggernaut changed into a golden dragon
   984 | D        | Noticed a titan
   984 | D        | a shard shrike changed into a titan
   985 | D        | Reached skill level 26 in Dodging
   985 | D        | Noticed a juggernaut
   985 | D        | a shard shrike changed into a juggernaut
   985 | D        | Noticed a juggernaut
   985 | D        | a shard shrike changed into a juggernaut
   985 | D        | Noticed an iron giant
   985 | D        | a titan changed into an iron giant
   985 | D        | Noticed a titan
   985 | D        | a shard shrike changed into a titan
   985 | D        | Noticed a shard shrike
   985 | D        | a titan changed into a shard shrike
   986 | D        | Noticed a shard shrike
   986 | D        | Noticed a titan
   986 | D        | a juggernaut changed into a titan
   986 | D        | Noticed a caustic shrike
   986 | D        | a golden dragon changed into a caustic shrike
   986 | D        | Noticed a golden dragon
   986 | D        | an iron giant changed into a golden dragon
   986 | D        | Noticed a caustic shrike
   986 | D        | a titan changed into a caustic shrike
   986 | D        | Noticed a titan
   986 | D        | a shard shrike changed into a titan
   986 | D        | HP: 73/200 [juggernaut (glowing shapeshifter) (53)]
   987 | D        | Noticed a juggernaut
   987 | D        | a titan changed into a juggernaut
   987 | D        | Noticed an iron giant
   987 | D        | a golden dragon changed into an iron giant
   988 | D        | Noticed a shadow dragon
   988 | D        | a caustic shrike changed into a shadow dragon
   989 | D        | a juggernaut changed into an iron dragon
   989 | D        | Noticed a juggernaut
   989 | D        | a shard shrike changed into a juggernaut
   989 | D        | Noticed a titan
   989 | D        | a juggernaut changed into a titan
   989 | D        | Noticed a caustic shrike
   989 | D        | a golden dragon changed into a caustic shrike
   990 | D        | Killed a caustic shrike
   990 | D        | Reached XP level 17. HP: 69/208 MP: 15/15
   990 | D        | Noticed an acid blob
   990 | D        | a titan changed into an acid blob
   990 | D        | a juggernaut changed into an iron dragon
   990 | D        | Noticed a caustic shrike
   990 | D        | a shadow dragon changed into a caustic shrike
   990 | D        | Noticed a shard shrike
   990 | D        | a titan changed into a shard shrike
   991 | D        | Noticed a titan
   991 | D        | HP: 16/208 [golden dragon (glowing shapeshifter) (58)]
   992 | D        | Noticed a caustic shrike
   992 | D        | a juggernaut changed into a caustic shrike
   992 | D        | Noticed a shard shrike
   992 | D        | a titan changed into a shard shrike
   992 | D        | Noticed a caustic shrike
   992 | D        | a golden dragon changed into a caustic shrike
   993 | D        | a caustic shrike changed into a shadow dragon
   993 | D        | Noticed a titan
   993 | D        | an acid blob changed into a titan
   993 | D        | Noticed a titan
   993 | D        | a shard shrike changed into a titan
   993 | D        | an iron giant changed into a fire giant
   993 | D        | a titan changed into a shadow dragon
   994 | D        | Noticed an iron giant
   994 | D        | a shadow dragon changed into an iron giant
   994 | D        | Noticed an acid blob
   994 | D        | a shard shrike changed into an acid blob
   996 | D        | Killed a caustic shrike
   996 | D        | Reached skill level 27 in Dodging
   996 | D        | an iron giant changed into an iron dragon
   996 | D        | HP: 22/208 [titan (glowing shapeshifter) (28)]
   996 | D        | HP: 2/208 [golden dragon (glowing shapeshifter) (20)]
   997 | D        | Noticed a titan
   997 | D        | Noticed a juggernaut
   997 | D        | Noticed a titan
   997 | D        | an acid blob changed into a titan
   997 | D        | Noticed an acid blob
   997 | D        | an iron dragon changed into an acid blob
   997 | D        | Noticed a shard shrike
   997 | D        | a titan changed into a shard shrike
   997 | D        | a caustic shrike changed into a stone giant
   998 | D        | Slain by a shard shrike (glowing shapeshifter)

Vanquished Creatures
  A pandemonium lord (D)
  An ancient lich (D)
  A shard shrike (D)
  2 caustic shrikes (shapeshifter) (D)
  A Brimstone Fiend (D)
  6 electric golems (D)
  3 Ice Fiends (D)
  6 titans (D)
  6 quicksilver dragons (D)
  2 acid blobs (D)
  2 krakens (D)
  6 storm dragons (D)
  A fire giant (shapeshifter) (D)
  A shadow dragon (D)
  An azure jelly (D)
  5 iron dragons (D)
  A ghoul (D)
  9 stone giants (D)
  4 vampire knights (D)
  A dire elephant (D)
  3 merfolk impalers (D)
  7 merfolk javelineers (D)
  5 crystal guardians (D)
  2 blizzard demons (D)
  8 vault guards (D)
  2 death oozes (D)
  A great orb of eyes (D)
  2 ice dragons (D)
  10 spriggan air magi (D)
  A merfolk avatar (D)
  3 merfolk aquamancers (D)
  A vampire mage (D)
  3 hell hogs (D)
  A sun demon (D)
  4 iron golems (D)
  A sixfirhy (D)
  5 skeletal warriors (D)
  4 sea snakes (D)
  A flayed ghost (D)
  A glowing orange brain (shapeshifter) (D)
  A harpy (D)
  A shadow demon (D)
  A shambling mangrove (D)
  3 necromancers (D)
  A phantasmal warrior (D)
  A harpy (shapeshifter) (D)
  A cyclops (D)
  A shining eye (D)
  2 guardian serpents (shapeshifter) (D)
  A salamander (shapeshifter) (D)
  A merfolk siren (D)
  A spiny frog (D)
  3 gargoyles (D)
  An eye of devastation (D)
  2 orange demons (D)
  A hellwing (D)
  A yaktaur (D)
  A dryad (D)
  A tormentor (D)
  3 freezing wraiths (D)
  An ice devil (D)
  2 red devils (D)
  A hornet (shapeshifter) (D)
  3 hornets (D)
  10 merfolk (D)
  11 wind drakes (D)
  4 slime creatures (D)
  4 snapping turtles (D)
  A dream sheep (shapeshifter) (D)
  A hippogriff (D)
  3 flying skulls (D)
  3 air elementals (D)
  A ynoxinul (D)
  4 shadows (D)
  2 water elementals (D)
  A hog (shapeshifter) (D)
  3 wraiths (D)
  4 vampires (D)
  A yak (D)
  2 fire bats (D)
  A golden eye (D)
  A soldier ant (shapeshifter) (D)
  4 insubstantial wisps (D)
  A naga (shapeshifter) (D)
  A naga (D)
  A hell hound (D)
  3 water moccasins (D)
  4 porcupines (D)
  A floating eye (D)
  An eye of draining (D)
  A wolf (D)
  2 phantoms (D)
  A necrophage (D)
  A centaur (D)
  A bullfrog (D)
  11 earth elementals (D)
  5 wights (D)
  A crimson imp (D)
  A quasit (D)
  A jelly (D)
  2 iron imps (D)
  3 iguanas (D)
  A mummy (D)
  An adder (D)
  2 river rats (D)
  2 white imps (D)
  3 oozes (D)
  2 adder zombies (D)
  5 adder skeletons (D)
  2 bat skeletons (D)
  3 bat zombies (D)
  A jackal (D)
  A ball python skeleton (D)
  A ball python zombie (D)
  2 giant cockroach zombies (D)
  3 jackal skeletons (D)
  A jackal zombie (D)
  A leopard gecko skeleton (D)
  3 leopard gecko zombies (D)
  2 quokka skeletons (D)
  6 tentacles (D)
305 creatures vanquished.

Vanquished Creatures (collateral kills)
  A quicksilver dragon (D)
  A merfolk impaler (D)
  An anaconda (D)
  A vault guard (D)
  A hell hog (D)
  A naga mage (D)
  A wind drake (D)
  2 merfolk (D)
  A basilisk (D)
  A chaos spawn (D)
  An insubstantial wisp (D)
  A water moccasin (D)
  A porcupine (D)
  A necrophage (D)
  A crocodile (D)
  An earth elemental (D)
  A ball python (D)
  A butterfly (D)
19 creatures vanquished.

Vanquished Creatures (others)
  the Enchantress (D)
  7 azure jellies (D)
  2 death oozes (D)
  A merfolk impaler (D)
  Josephine (D)
  Harold (D)
  A cyclops (D)
  2 merfolk sirens (D)
  Psyche (D)
  A naga (D)
  3 insubstantial wisps (D)
  Crazy Yiuf (D)
  Terence (D)
  A ball python zombie (D)
  2 fire vortices (D)
  12 tentacles (D)
38 creatures vanquished.

Grand Total: 362 creatures vanquished

Table legend:
 A = Turns spent in this place as a percentage of turns spent in the entire game.
 B = Non-inter-level travel turns spent in this place as a percentage of non-inter-level travel turns spent in the entire game.
 C = Inter-level travel turns spent in this place as a percentage of turns spent in this place.
 D = Turns resting spent in this place as a percentage of non-inter-level travel turns spent in this place.
 E = Turns spent auto-exploring this place as a percentage of non-inter-level travel turns spent in this place.
 F = Non-inter-level travel turns spent in this place divided by the number of levels of this place that you've seen.
                   A       B       C       D       E      F
               +-------+-------+-------+-------+-------+----------------------
         Total | 100.0 | 100.0 |   0.0 |   2.8 |   4.3 | 998.0
       Dungeon | 100.0 | 100.0 |   0.0 |   2.8 |   4.3 | 998.0
               +-------+-------+-------+-------+-------+----------------------
